[ PARTIDA AOE2 · #513726939 ]
UnrankedGodos vs Tupi
Equipo del jugador · DERR
Equipo rival · VICT
[ ANÁLISIS DE REPETICIÓN · EXTRAÍDO DE LA PARTIDA GRABADA ]
Feudal
12:16
Castillos
—
Imperial
—
| APM promedio | 47.0 |
| APM pico | 67 |
| eAPM promedio | 19.0 |
| Aldeanos / militares | 38 / 14 |
Foco
⚔️ 19.4% · 🌾 80.6%
Militia ×9 · Archer ×5
Feudal
10:06
Castillos
—
Imperial
—
| APM promedio | 53.2 |
| APM pico | 85 |
| eAPM promedio | 23.1 |
| Aldeanos / militares | 36 / 9 |
Foco
⚔️ 44.1% · 🌾 55.9%
Archer ×9 · Unknown (2550) ×4
Mapa de la partida
Recursos iniciales + cada clic de construcción. Líneas = muros · curvas = relieve. ◆ oro · ⬟ piedra · ● bayas · ✦ reliquia · ◌ hueco del cierre
Tu base· Abierta — flanco sin cerrar
Base de Anti· Abierta — flanco sin cerrar
Terreno inicial suavizado · ◌ = hueco del cierre detectado · pasá el cursor para detalles
Inputs por minuto
— Istoleyourratings - - Anti
Build order — Istoleyourratings
95 acciones detectadas en el replay
| 0:01 | Encolar | Villager (Male) |
| 0:01 | Encolar | Villager (Male) |
| 0:01 | Encolar | Villager (Male) |
| 0:02 | Encolar | Villager (Male) |
| 0:03 | Construir | House |
| 0:05 | Construir | House |
| 1:25 | Encolar | Villager (Male) |
| 1:25 | Encolar | Villager (Male) |
| 2:04 | Construir | Lumber Camp |
| 2:04 | Encolar | Villager (Male) |
| 2:04 | Encolar | Villager (Male) |
| 2:22 | Encolar | Villager (Male) |
| 2:23 | Encolar | Villager (Male) |
| 2:40 | Investigar | Loom |
| 2:49 | Encolar | Villager (Male) |
| 2:49 | Encolar | Villager (Male) |
| 3:06 | Encolar | Villager (Male) |
| 3:06 | Encolar | Villager (Male) |
| 3:39 | Encolar | Villager (Male) |
| 3:54 | Construir | House |
| 4:02 | Encolar | Villager (Male) |
| 4:22 | Encolar | Villager (Male) |
| 4:56 | Encolar | Villager (Male) |
| 5:29 | Encolar | Villager (Male) |
| 5:48 | Encolar | Villager (Male) |
| 5:58 | Construir | House |
| 6:12 | Encolar | Villager (Male) |
| 6:30 | Construir | Barracks |
| 6:34 | Encolar | Villager (Male) |
| 6:44 | Construir | House |
| 6:51 | Encolar | Villager (Male) |
| 7:12 | Construir | Palisade Wall |
| 7:15 | Encolar | Villager (Male) |
| 7:20 | Construir | Palisade Wall |
| 7:22 | Construir | Palisade Wall |
| 7:27 | Encolar | Militia |
| 7:27 | Encolar | Militia |
| 7:28 | Encolar | Militia |
| 7:28 | Encolar | Villager (Male) |
| 7:58 | Construir | House |
| 8:09 | Encolar | Militia |
| 8:11 | Encolar | Villager (Male) |
| 8:20 | Construir | Mill |
| 8:43 | Encolar | Villager (Male) |
| 8:57 | Encolar | Militia |
| 9:00 | Encolar | Villager (Male) |
| 9:08 | Construir | Farm |
| 9:36 | Encolar | Villager (Male) |
| 10:06 | Investigar | Feudal Age |
| 10:06 | Investigar | Feudal Age |
| 10:08 | Construir | Farm |
| 10:17 | Construir | Farm |
| 10:21 | Construir | Farm |
| 11:11 | Construir | Mining Camp |
| 11:39 | Construir | Farm |
| 11:40 | Encolar | Villager (Male) |
| 11:49 | Construir | Palisade Wall |
| 11:51 | Construir | Palisade Wall |
| 12:07 | Construir | House |
| 12:16 | Edad | Edad Feudal |
| 12:20 | Investigar | Man-at-Arms (upgrade) |
| 12:21 | Investigar | Double-Bit Axe |
| 12:21 | Investigar | Double-Bit Axe |
| 12:22 | Investigar | Double-Bit Axe |
| 12:26 | Construir | House |
| 12:36 | Encolar | Villager (Male) |
| 12:53 | Construir | Archery Range |
| 13:00 | Encolar | Militia |
| 13:02 | Encolar | Villager (Male) |
| 13:04 | Construir | Farm |
| 13:32 | Encolar | Militia |
| 13:33 | Encolar | Villager (Male) |
| 13:50 | Construir | Farm |
| 13:51 | Investigar | Horse Collar |
| 13:52 | Encolar | Villager (Male) |
| 13:58 | Construir | Farm |
| 14:00 | Construir | House |
| 14:04 | Encolar | Archer |
| 14:05 | Encolar | Archer |
| 14:32 | Construir | House |
| 14:44 | Encolar | Villager (Male) |
| 14:48 | Construir | Farm |
| 15:12 | Construir | Palisade Wall |
| 15:15 | Encolar | Villager (Male) |
| 15:18 | Construir | Farm |
| 15:25 | Construir | Farm |
| 15:42 | Encolar | Archer |
| 15:42 | Encolar | Archer |
| 15:44 | Encolar | Villager (Male) |
| 16:05 | Construir | Watch Tower |
| 16:47 | Encolar | Archer |
| 16:53 | Encolar | Villager (Male) |
| 17:12 | Construir | Blacksmith |
| 17:36 | Encolar | Militia |
| 17:36 | Encolar | Militia |
Build order — Anti
98 acciones detectadas en el replay
| 0:01 | Encolar | Villager (Male) |
| 0:02 | Construir | House |
| 0:02 | Construir | House |
| 0:09 | Encolar | Villager (Male) |
| 0:09 | Encolar | Villager (Male) |
| 0:10 | Encolar | Villager (Male) |
| 0:55 | Construir | Barracks |
| 1:14 | Encolar | Villager (Male) |
| 1:40 | Investigar | Loom |
| 1:52 | Encolar | Unit 2550 |
| 2:19 | Encolar | Unit 2550 |
| 2:29 | Encolar | Villager (Male) |
| 2:54 | Encolar | Villager (Male) |
| 3:15 | Encolar | Villager (Male) |
| 3:29 | Encolar | Villager (Male) |
| 3:36 | Construir | House |
| 3:55 | Encolar | Villager (Male) |
| 4:30 | Encolar | Villager (Male) |
| 4:51 | Encolar | Villager (Male) |
| 5:02 | Encolar | Villager (Male) |
| 5:35 | Construir | House |
| 5:46 | Encolar | Villager (Male) |
| 6:13 | Encolar | Villager (Male) |
| 6:15 | Encolar | Villager (Male) |
| 6:39 | Encolar | Villager (Male) |
| 6:48 | Construir | Settlement |
| 7:11 | Construir | House |
| 7:24 | Encolar | Villager (Male) |
| 7:48 | Investigar | Feudal Age |
| 8:24 | Encolar | Unit 2550 |
| 9:08 | Construir | Settlement |
| 9:52 | Construir | Settlement |
| 10:05 | Construir | Farm |
| 10:06 | Edad | Edad Feudal |
| 10:17 | Construir | House |
| 10:27 | Encolar | Villager (Male) |
| 10:39 | Encolar | Villager (Male) |
| 10:48 | Investigar | Double-Bit Axe |
| 11:09 | Encolar | Unit 2550 |
| 11:14 | Construir | Farm |
| 11:16 | Construir | Farm |
| 11:24 | Construir | Palisade Wall |
| 11:40 | Encolar | Villager (Male) |
| 11:45 | Construir | Archery Range |
| 11:48 | Construir | Palisade Wall |
| 11:50 | Construir | Palisade Wall |
| 11:53 | Encolar | Villager (Male) |
| 12:01 | Construir | Palisade Wall |
| 12:02 | Construir | Palisade Wall |
| 12:06 | Encolar | Villager (Male) |
| 12:21 | Construir | Palisade Wall |
| 12:22 | Construir | Palisade Wall |
| 12:25 | Encolar | Villager (Male) |
| 12:26 | Encolar | Archer |
| 12:38 | Construir | Palisade Wall |
| 12:40 | Construir | Palisade Wall |
| 12:40 | Construir | Palisade Wall |
| 12:41 | Construir | Palisade Wall |
| 12:41 | Construir | Palisade Wall |
| 12:47 | Construir | Palisade Wall |
| 12:48 | Construir | Palisade Wall |
| 12:51 | Construir | Farm |
| 12:53 | Investigar | Tech 1402 |
| 13:00 | Encolar | Villager (Male) |
| 13:03 | Construir | Farm |
| 13:06 | Construir | Farm |
| 13:10 | Construir | Farm |
| 13:12 | Construir | Farm |
| 13:23 | Encolar | Archer |
| 13:24 | Encolar | Villager (Male) |
| 13:35 | Encolar | Villager (Male) |
| 13:45 | Encolar | Archer |
| 13:52 | Construir | Farm |
| 14:07 | Encolar | Villager (Male) |
| 14:24 | Encolar | Archer |
| 14:24 | Encolar | Villager (Male) |
| 14:26 | Construir | Blacksmith |
| 15:01 | Encolar | Villager (Male) |
| 15:08 | Encolar | Archer |
| 15:12 | Construir | House |
| 15:15 | Investigar | Fletching |
| 15:24 | Encolar | Archer |
| 15:27 | Construir | Farm |
| 15:35 | Encolar | Villager (Male) |
| 15:38 | Construir | Farm |
| 15:40 | Construir | Farm |
| 15:54 | Encolar | Archer |
| 15:54 | Encolar | Villager (Male) |
| 16:00 | Construir | Farm |
| 16:15 | Encolar | Villager (Male) |
| 16:26 | Encolar | Villager (Male) |
| 16:31 | Encolar | Villager (Male) |
| 16:39 | Encolar | Archer |
| 16:40 | Encolar | Villager (Male) |
| 16:57 | Investigar | Wheelbarrow |
| 16:59 | Construir | Farm |
| 17:00 | Construir | House |
| 17:33 | Encolar | Archer |
Cronología de la partida
| 0:55 | Anti · first_building Barracks |
| 6:30 | Istoleyourratings · first_building Barracks |
| 7:12 | Istoleyourratings · wall_segment Palisade Wall x2 |
| 7:20 | Istoleyourratings · wall_segment Palisade Wall x1 |
| 7:22 | Istoleyourratings · wall_segment Palisade Wall x1 |
| 10:06 | Anti · age_up feudal |
| 11:24 | Anti · wall_segment Palisade Wall x4 |
| 11:45 | Anti · first_building Archery Range |
| 11:48 | Anti · wall_segment Palisade Wall x1 |
| 11:49 | Istoleyourratings · wall_segment Palisade Wall x1 |
| 11:50 | Anti · wall_segment Palisade Wall x1 |
| 11:51 | Istoleyourratings · wall_segment Palisade Wall x1 |
| 12:01 | Anti · wall_segment Palisade Wall x1 |
| 12:02 | Anti · wall_segment Palisade Wall x1 |
| 12:16 | Istoleyourratings · age_up feudal |
| 12:21 | Anti · wall_segment Palisade Wall x1 |
| 12:22 | Anti · wall_segment Palisade Wall x1 |
| 12:38 | Anti · wall_segment Palisade Wall x1 |
| 12:40 | Anti · wall_segment Palisade Wall x1 |
| 12:40 | Anti · wall_segment Palisade Wall x1 |
| 12:41 | Anti · wall_segment Palisade Wall x1 |
| 12:41 | Anti · wall_segment Palisade Wall x1 |
| 12:47 | Anti · wall_segment Palisade Wall x1 |
| 12:48 | Anti · wall_segment Palisade Wall x1 |
| 12:53 | Istoleyourratings · first_building Archery Range |
| 15:12 | Istoleyourratings · wall_segment Palisade Wall x1 |
| 17:53 | Istoleyourratings · resign |
[ ANÁLISIS IA · 1 CRÉDITO ]
¿Qué pasó realmente en esta partida?
Wolo.gg analiza cada decisión: build order, eco, micro, errores típicos por bracket. Análisis personalizado por WhatsApp o Discord en 30 segundos.
Guía civ
Godos
Perfil
Jugador #18203263